Cogmind - Beta 17 @@@ ROGUE MODE // 2026.06.28 @ 14:42:45 Player: rz Result: Self-destructed Performance ------------- Evolutions (5) 2500 Regions Visited (11) 2200 Robots Destroyed (87) 435 Value Destroyed (2824) 2824 Prototype IDs (27) 540 Alien Tech Used (0) 0 Bonus (465) 465 TOTAL SCORE: 8964 Bonus ------- Follower Combat Kills 165 Aligned with FarCom 300 Cogmind --------- Core Integrity 921/1000 Matter 267/300 Energy 280/280 System Corruption 0% Temperature Cool (0) Movement Walking (410) Ox4 Location -5/Factory Parts ------- > --- POWER (1) -------- Heavy Ion Engine > --- PROPULSION (7) --- Improved Titanium Leg > --- UTILITY (7) ------ Huge Storage Unit Advanced Melee Analysis Suite Advanced Melee Analysis Suite Improved Launcher Guidance Computer Hacking Suite > --- WEAPON (2) ------- Maul > --- INVENTORY (25) --- Light Treads Light Treads Light Treads Light Treads Light Treads Aluminum Leg Aluminum Leg Carbon-fiber Leg Carbon-fiber Leg Titanium Leg Advanced Melee Analysis Suite Advanced Melee Analysis Suite Advanced Melee Analysis Suite Improved Launcher Guidance Computer Long-range Tractor Beam Enhanced Autogun Enhanced Autogun Enhanced Autogun Enhanced Autogun Enhanced Autogun Enhanced Autogun Assault Cannon Improved Grenade Launcher Heavy Pick Peak State ------------ > --- POWER ------------ Heavy Ion Engine > --- PROPULSION ------- Carbon-fiber Leg Titanium Leg Improved Carbon-fiber Leg Improved Titanium Leg Improved Titanium Leg Potential Leg Potential Leg > --- UTILITY ---------- Huge Storage Unit Advanced Melee Analysis Suite Advanced Melee Analysis Suite Improved Launcher Guidance Computer Improved Light Armor Plating Layered Light Armor Plating Hacking Suite > --- WEAPON ----------- Heavy Rocket Launcher Maul > --- INVENTORY -------- Heavy Ion Engine Light Treads Light Treads Light Treads Light Treads Light Treads Aluminum Leg Aluminum Leg Carbon-fiber Leg Carbon-fiber Leg Titanium Leg Advanced Melee Analysis Suite Advanced Melee Analysis Suite Advanced Melee Analysis Suite Improved Launcher Guidance Computer Long-range Tractor Beam Enhanced Autogun Enhanced Autogun Enhanced Autogun Enhanced Autogun Enhanced Autogun Enhanced Autogun Assault Cannon Improved Grenade Launcher Heavy Pick [Rating: 82] Favorites ----------- Power Light Ion Engine Engine Light Ion Engine Propulsion Light Treads Treads Light Treads Leg Potential Leg Utility Hacking Suite Storage Huge Storage Unit Processor Advanced Melee Analysis Suite Hackware Hacking Suite Protection Improved Light Armor Plating Weapon Assault Rifle Ballistic Gun Assault Rifle Ballistic Cannon Heavy Assault Cannon Launcher Heavy Rocket Launcher Impact Weapon Maul Slashing Weapon Mining Claw Build | -11 -10 -10 -10 -9 -8 -8 -7 -6 -6 -6 -5 ------- Run | Yrd Mat Min Exi Min Mat Sto Fac Fac Low Low Fac Slots Evolved 10 | . . . . . 4 . 2 2 . . 2 Power . | . . . . . . . . . . . . Propulsion 5 | . . . . . 2 . 2 1 . . . Utility 5 | . . . . . 2 . . 1 . . 2 Weapon . | . . . . . . . . . . . . Parts Attached 71 | 6 12 . 1 . 7 21 13 3 3 . 5 Power 10 | 1 2 . 1 . . 3 . . 2 . 1 Engine 10 | 1 2 . 1 . . 3 . . 2 . 1 Core . | . . . . . . . . . . . . Reactor . | . . . . . . . . . . . . Propulsion 26 | 2 1 . . . 4 8 9 1 1 . . Treads 15 | 2 1 . . . . 7 5 . . . . Leg 11 | . . . . . 4 1 4 1 1 . . Wheel . | . . . . . . . . . . . . Hover . | . . . . . . . . . . . . Flight . | . . . . . . . . . . . . Utility 17 | 1 4 . . . 2 3 2 1 . . 4 Device . | . . . . . . . . . . . . Storage 4 | 1 2 . . . . 1 . . . . . Processor 4 | . 1 . . . . . . . . . 3 Hackware 3 | . 1 . . . 1 1 . . . . . Protection 6 | . . . . . 1 1 2 1 . . 1 Artifact . | . . . . . . . . . . . . Weapon 18 | 2 5 . . . 1 7 2 1 . . . Energy Gun . | . . . . . . . . . . . . Energy Cannon . | . . . . . . . . . . . . Ballistic Gun 11 | 2 4 . . . . 5 . . . . . Ballistic Cannon 1 | . . . . . . 1 . . . . . Launcher 4 | . 1 . . . . 1 1 1 . . . Special Weapon . | . . . . . . . . . . . . Impact Weapon 1 | . . . . . . . 1 . . . . Slashing Weapon 1 | . . . . . 1 . . . . . . Piercing Weapon . | . . . . . . . . . . . . Special Melee Weapon . | . . . . . . . . . . . . Unidentified Prototypes 4 | . . . . . . 4 . . . . . Parts Lost 24 | . 4 . . . . 8 . . 1 1 10 Power 5 | . 2 . . . . 1 . . 1 . 1 Propulsion 10 | . 1 . . . . 3 . . . . 6 Utility 6 | . 1 . . . . 2 . . . 1 2 Weapon 3 | . . . . . . 2 . . . . 1 Highest Loss Streak 10 | . 3 . . . . 3 . . 1 1 10 To Critical Strikes 1 | . 1 . . . . . . . . . . Average Backups 17 | . 8 11 11 12 12 20 24 21 25 25 23 Power 2 | . 2 3 2 2 2 2 2 2 1 1 . Propulsion 7 | . 1 3 3 5 4 8 11 12 9 10 10 Utility 1 | . . . . . . 1 . . 6 6 4 Weapon 7 | . 3 5 5 5 5 8 9 7 8 8 8 Tool/Special . | . . . . . . . . . . . . Unused Backups 34 | . 2 . . . . 8 5 . . . 19 Power 1 | . . . . . . 1 . . . . . Propulsion 15 | . 1 . . . . 5 3 . . . 6 Utility 7 | . . . . . . 2 . . . . 5 Weapon 11 | . 1 . . . . . 2 . . . 8 Tool/Special . | . . . . . . . . . . . . Average Slot Usage (%) 92 | . 96 100 100 100 98 82 90 99 99 93 96 Engine 9 | . 13 14 14 14 9 7 6 6 5 6 5 Treads 23 | . 28 28 28 28 . 20 45 . . . . Leg 13 | . . . . . 35 14 . 46 46 46 39 Storage 9 | . 14 14 14 14 9 9 7 6 6 6 5 Processor 1 | . 4 . . . . . . . . . 16 Hackware 11 | . 7 14 14 14 17 11 15 13 13 6 5 Protection 5 | . . . . . 8 5 5 12 13 13 10 Ballistic Gun 11 | . 26 28 28 28 17 7 . . . . . Ballistic Cannon 2 | . . . . . . 4 6 . . . . Launcher 1 | . . . . . . 1 . 6 6 6 4 Impact Weapon 1 | . . . . . . . . 6 6 6 5 Peak Build Rating 82 | 6 10 10 12 12 37 45 60 67 69 67 82 Average Rating 31 | 5 8 10 10 12 35 31 34 64 68 64 78 On Entrance 31 | . 6 10 10 12 12 37 31 59 67 67 64 Avg Prop Armor Cover (%) 3 | . . . . . . . 4 3 3 3 3 Naked Turns . | . . . . . . . . . . . . Heaviest Build 110 | 11 87 87 87 87 95 110 107 104 105 104 108 Greatest Support 150 | 40 40 40 40 40 80 85 133 150 133 133 135 Greatest Overweight (x) 2 | . 2 2 2 2 1 1 1 . . . 2 Average Overweight (x) . | . . 2 2 2 1 . . . . . . Largest Inventory Capacity 25 | 8 25 25 25 25 25 25 25 25 25 25 25 Average Capacity 23 | 7 15 25 25 25 25 25 25 25 25 25 25 Most Carried 25 | 2 11 11 12 12 14 25 25 25 25 25 25 Average Carried 17 | . 8 11 11 12 12 20 24 21 24 25 23 Final Capacity 25 | 8 25 25 25 25 25 25 25 25 25 25 25 Final Carried 25 | 2 11 11 12 12 14 25 23 25 25 25 24 Class Distribution -------------------- 55% | Mutant 28% | Hacker-Mutant 11% | Scavenger-Mutant 4% | Commander-Mutant Dominant Class ---------------- Mutant | -10/Materials Mutant | -10/Mines Mutant | -10/Exiles Mutant | -9/Mines Hacker-Mutant | -8/Materials Mutant | -8/Storage Scavenger-Mutant | -7/Factory Hacker-Mutant | -6/Factory Hacker-Mutant | -6/Lower Caves Mutant | -6/Lower Caves Mutant | -5/Factory Resources | -11 -10 -10 -10 -9 -8 -8 -7 -6 -6 -6 -5 ----------- Run | Yrd Mat Min Exi Min Mat Sto Fac Fac Low Low Fac Matter Collected 2717 | 220 435 . . . 148 1180 218 76 352 86 2 Remotely . | . . . . . . . . . . . . Salvage Created 2783 | 85 560 . . . 148 1129 412 76 262 111 . Parts 158 | 9 44 . . . 9 62 21 1 6 6 . Haulers Intercepted 7 | . 2 . . . . 5 . . . . . Recyclers Shooed 2 | . 1 . . . 1 . . . . . . Parts Field Recycled . | . . . . . . . . . . . . Retrieved Matter . | . . . . . . . . . . . . Parts Self-Destructed 7 | . . . . . . . . . 5 2 . Prevented . | . . . . . . . . . . . . Parts Restored . | . . . . . . . . . . . . Kills | -11 -10 -10 -10 -9 -8 -8 -7 -6 -6 -6 -5 ------- Run | Yrd Mat Min Exi Min Mat Sto Fac Fac Low Low Fac Combat Hostiles Destroyed 62 | . 15 . . . 1 21 9 1 8 7 . Melee 2 | . . . . . . . . . 2 . . Guns 22 | . 10 . . . 1 11 . . . . . Cannons 14 | . . . . . . 7 7 . . . . AOE 23 | . 5 . . . . 3 2 . 6 7 . Classes Destroyed 12 | 2 6 . . . 1 1 2 . . . . Worker 5 | . 1 . . . . 3 1 . . . . Tunneler 3 | 2 . . . . . . . 1 . . . Hauler 7 | . 2 . . . . 5 . . . . . Recycler 4 | 1 1 . . . 1 1 . . . . . Operator 2 | . 1 . . . . . 1 . . . . Watcher 4 | . 1 . . . 1 1 1 . . . . Swarmer 16 | . 9 . . . . 3 . . . 4 . Grunt 29 | . 6 . . . . 10 3 . 7 3 . Duelist 2 | . . . . . . . 1 . 1 . . Sentry 11 | . . . . . 1 7 2 1 . . . Hunter 1 | . . . . . . 1 . . . . . Programmer 3 | . . . . . . . 3 . . . . Best Kill Streak 7 | 2 7 . . . 1 7 6 1 3 4 . Combat Bots Only 5 | . 5 . . . 1 5 5 1 3 4 . Max Kills in Single Turn 2 | 1 2 . . . 1 2 2 1 2 2 . Gunslinging 1 | . 1 . . . . . . . . . . Exploded 2 | . 2 . . . . 2 1 . 2 2 . Melee 1 | . . . . . . . . . 1 . . Uniques/NPCs Destroyed . | . . . . . . . . . . . . Combat | -11 -10 -10 -10 -9 -8 -8 -7 -6 -6 -6 -5 -------- Run | Yrd Mat Min Exi Min Mat Sto Fac Fac Low Low Fac Hostile Shots Fired 473 | . 114 . . . 22 156 42 72 25 19 23 Missed 147 | . 42 . . . 5 42 14 27 7 5 5 Hits 326 | . 72 . . . 17 114 28 45 18 14 18 Melee 2 | . . . . . 1 . . . 1 . . Projectile 324 | . 72 . . . 16 114 28 45 17 14 18 AOE 3 | . . . . . . . . . . . 3 Critical Strikes 11 | . 1 . . . 1 7 1 . . . 1 Part Disruptions 1 | . . . . . . . 1 . . . . Damage Taken 6174 | . 699 . . . 279 2319 541 345 358 296 1337 Core 528 | . 95 . . . 15 243 10 11 17 58 79 Absorbed by Shields . | . . . . . . . . . . . . Regen/Repaired (Parts) 481 | . . . . . . 113 368 . . . . Core Remaining (%) 80 | 100 . . . 62 . 53 98 . . 89 . Volleys Fired 231 | 11 60 . . . 12 107 20 . 12 9 . Largest 2 | 2 2 . . . 2 2 1 . 1 1 . Hottest 55 | 40 50 . . . 40 55 50 . 39 39 . Shots Fired 372 | 22 119 . . . 24 166 20 . 12 9 . Gun 277 | 22 114 . . . 24 117 . . . . . Cannon 65 | . . . . . . 45 20 . . . . Launcher 30 | . 5 . . . . 4 . . 12 9 . Special . | . . . . . . . . . . . . Kinetic 342 | 22 114 . . . 24 162 20 . . . . Thermal . | . . . . . . . . . . . . Explosive 30 | . 5 . . . . 4 . . 12 9 . Electromagnetic . | . . . . . . . . . . . . Robot Hit Streak 18 | 5 12 . . . 6 18 8 . 3 3 . Robot Miss Streak 8 | 2 8 . . . 2 5 1 . 1 3 . Penetration Max . | . . . . . . . . . . . . Secondary Targets 6 | . 5 . . . . 1 . . . . . Max Gunslinging Chain 1 | . 1 . . . . 1 . . . . . Shots Hit Robots 269 | 16 70 . . . 13 116 16 6 12 5 15 Core Hits 147 | 6 33 . . . 7 49 20 1 18 13 . Critical Kills 2 | . 1 . . . . . . . 1 . . Critical Parts Destroyed 1 | . . . . . . . . 1 . . . Critical Strikes 7 | . 1 . . . . 3 1 1 1 . . Destroy 1 | . 1 . . . . . . . . . . Blast 4 | . . . . . . 3 1 . . . . Smash 2 | . . . . . . . . 1 1 . . Melee Attacks 38 | . . . . . 4 2 . 6 6 . 20 Impact 32 | . . . . . . . . 6 6 . 20 Slashing 6 | . . . . . 4 2 . . . . . Piercing . | . . . . . . . . . . . . Sneak Attacks 2 | . . . . . . . . 1 1 . . Combat Hostiles 1 | . . . . . . . . . 1 . . Follow-up Attacks . | . . . . . . . . . . . . Damage Inflicted 8496 | 155 1038 . . . 155 2991 1478 197 1363 762 357 Guns 2393 | 155 770 . . . 155 1313 . . . . . Cannons 2329 | . . . . . . 1395 934 . . . . Explosions 3011 | . 268 . . . . 283 544 . 1154 762 . Melee 763 | . . . . . . . . 197 209 . 357 Ramming . | . . . . . . . . . . . . Kinetic 4722 | 155 770 . . . 155 2708 934 . . . . Thermal 336 | . . . . . . . 336 . . . . Explosive 2467 | . 268 . . . . 283 . . 1154 762 . Electromagnetic 208 | . . . . . . . 208 . . . . Impact 763 | . . . . . . . . 197 209 . 357 Slashing . | . . . . . . . . . . . . Piercing . | . . . . . . . . . . . . Highest Corruption 6 | . 1 1 1 1 . 6 2 . . . . Average Corruption 2 | . 1 1 1 1 . 6 1 . . . . Corruption Purged . | . . . . . . . . . . . . Corruption Blocked . | . . . . . . . . . . . . Effects 54 | . 7 2 4 1 . 29 11 . . . . Message Errors 17 | . 2 . . 1 . 11 3 . . . . Matter Fused 18 | . 2 . 1 . . 11 4 . . . . Heat Flow Errors 6 | . 1 1 2 . . . 2 . . . . Energy Discharges 4 | . . 1 . . . 1 2 . . . . Parts Rejected 1 | . . . . . . 1 . . . . . Parts Fused 1 | . . . . . . 1 . . . . . Data Loss (minor) 3 | . 1 . 1 . . 1 . . . . . Data Loss (major) 1 | . . . . . . 1 . . . . . Alerts 1 | . . . . . . 1 . . . . . Weapon Failures 2 | . 1 . . . . 1 . . . . . Overload Shots . | . . . . . . . . . . . . Overflow Damage 413 | . 25 . . . . 74 136 41 77 60 . Projectiles 96 | . . . . . . 66 30 . . . . Explosions 241 | . 25 . . . . 8 106 . 42 60 . Melee 76 | . . . . . . . . 41 35 . . Knockbacks 8 | . . . . . . 4 4 . . . . Impact . | . . . . . . . . . . . . Kinetic 8 | . . . . . . 4 4 . . . . Secondary . | . . . . . . . . . . . . Self-Inflicted Damage 447 | . . . . . . 106 247 . 52 42 . Shots 12 | . . . . . . 3 5 . 2 2 . Rammed . | . . . . . . . . . . . . Targets Rammed . | . . . . . . . . . . . . Kicked . | . . . . . . . . . . . . Crushed . | . . . . . . . . . . . . Highest Temperature 229 | . 148 165 206 . 11 208 229 . 19 15 . Average Temperature 60 | . 20 88 92 . 2 75 64 . 8 8 . Received Heat Transfer 1665 | . 210 . . . 108 900 120 102 126 72 27 Siege Activations . | . . . . . . . . . . . . Martial Activations . | . . . . . . . . . . . . Shielding Activations . | . . . . . . . . . . . . Robots Disrupted . | . . . . . . . . . . . . Combat Hostiles . | . . . . . . . . . . . . Robots Corrupted 1 | . . . . . . . . 1 . . . Combat Hostiles 1 | . . . . . . . . 1 . . . Parts Fried 1 | . . . . . . . . 1 . . . Impact Corruptions 3 | . . . . . . . . 2 1 . . Robots Melted . | . . . . . . . . . . . . Combat Hostiles . | . . . . . . . . . . . . Parts Melted 2 | . . . . . . 1 1 . . . . Heat Transferred 150 | . . . . . . . 150 . . . . Parts Sabotaged . | . . . . . . . . . . . . Parts Stolen . | . . . . . . . . . . . . Parts Stripped . | . . . . . . . . . . . . Power Chain Reactions . | . . . . . . . . . . . . Alert | -11 -10 -10 -10 -9 -8 -8 -7 -6 -6 -6 -5 ------- Run | Yrd Mat Min Exi Min Mat Sto Fac Fac Low Low Fac Maximum Alert Level 1 | . 1 . . . . 1 1 . . . . Low Security (%) 79 | 100 94 100 . 100 100 80 40 100 . . 100 Level 1 20 | . 5 . . . . 19 59 . . . . Level 2 . | . . . . . . . . . . . . Level 3 . | . . . . . . . . . . . . Level 4 . | . . . . . . . . . . . . Level 5 . | . . . . . . . . . . . . High Security . | . . . . . . . . . . . . Max Security . | . . . . . . . . . . . . Peak Influence 349 | 10 222 26 . . 20 349 349 114 . . 105 Initial 146 | . . 26 . . . 3 146 114 . . 105 Average 108 | 1 90 3 . . 2 127 207 61 . . 23 Influence Increases 2386 | 15 427 . . . 49 881 601 35 210 160 8 Destroy 0b10 Robot/C 1340 | . 300 . . . 20 520 180 20 160 140 . Destroy 0b10 Robot/NC 135 | 15 30 . . . 10 60 15 5 . . . Destroy Leader 334 | . 66 . . . 12 144 62 10 20 20 . Allied During Kill 54 | . . . . . . 54 . . . . . Successful Hack 28 | . . . . . 7 4 17 . . . . Disable Machine 300 | . . . . . . 45 255 . . . . Destroy Structure 150 | . 31 . . . . 54 57 . . . 8 Lose Combat Pursuer 45 | . . . . . . . 15 . 30 . . Influence Decreases 2386 | 15 359 68 . . 39 568 690 250 169 52 176 Entered New Map 429 | . . 42 . . . 7 177 120 8 12 63 Time Decay 1695 | 15 319 26 . . 39 361 513 130 151 30 111 Lost Part 142 | . 40 . . . . 80 . . 10 10 2 Lost Ally 120 | . . . . . . 120 . . . . . Squads Dispatched 14 | . 3 . . . . 2 6 . . . 3 Investigation 2 | . . . . . . . 1 . . . 1 Extermination 5 | . . . . . . . 4 . . . 1 Reinforcement 7 | . 3 . . . . 2 1 . . . 1 Assault . | . . . . . . . . . . . . Garrison . | . . . . . . . . . . . . Intercept . | . . . . . . . . . . . . Searches Triggered . | . . . . . . . . . . . . Construction Impeded . | . . . . . . . . . . . . Haulers Reinforced . | . . . . . . . . . . . . Active Scanning Responses . | . . . . . . . . . . . . Cargo Convoy Interrupts . | . . . . . . . . . . . . Stealth | -11 -10 -10 -10 -9 -8 -8 -7 -6 -6 -6 -5 --------- Run | Yrd Mat Min Exi Min Mat Sto Fac Fac Low Low Fac Distress Signals 4 | . 2 . . . . 2 . . . . . Communications Jammed . | . . . . . . . . . . . . Distress Signals . | . . . . . . . . . . . . Times Spotted 85 | . 22 . . . 8 23 11 1 11 6 3 Peak Tracking Total 7 | . 7 . . . 7 3 4 1 3 4 3 Tactical Retreats 3 | . . . . . . . 1 . 2 . . Traps | -11 -10 -10 -10 -9 -8 -8 -7 -6 -6 -6 -5 ------- Run | Yrd Mat Min Exi Min Mat Sto Fac Fac Low Low Fac Traps Triggered 2 | . 1 . . . . . 1 . . . . Indirectly . | . . . . . . . . . . . . Trap Hack Attempts . | . . . . . . . . . . . . Triggered . | . . . . . . . . . . . . Disarmed . | . . . . . . . . . . . . Reprogrammed . | . . . . . . . . . . . . Reused . | . . . . . . . . . . . . Traps Extracted . | . . . . . . . . . . . . Installed . | . . . . . . . . . . . . Triggered . | . . . . . . . . . . . . Machines | -11 -10 -10 -10 -9 -8 -8 -7 -6 -6 -6 -5 ---------- Run | Yrd Mat Min Exi Min Mat Sto Fac Fac Low Low Fac Machines Disabled 21 | . 1 . . . . 3 17 . . . . Max in Single Turn 8 | . 1 . . . . 1 8 . . . . Machines Repaired . | . . . . . . . . . . . . Machines Dismantled . | . . . . . . . . . . . . Machines Sabotaged . | . . . . . . . . . . . . Overloaded Fab Kills . | . . . . . . . . . . . . Hacking | -11 -10 -10 -10 -9 -8 -8 -7 -6 -6 -6 -5 --------- Run | Yrd Mat Min Exi Min Mat Sto Fac Fac Low Low Fac Machines Accessed 21 | . 1 . 4 . 1 4 6 3 . . 2 Terminals 9 | . . . . . 1 2 3 2 . . 1 Fabricators . | . . . . . . . . . . . . Repair Stations 2 | . . . . . . 1 1 . . . . Recycling Units 5 | . 1 . . . . 1 1 1 . . 1 Scanalyzers 1 | . . . . . . . 1 . . . . Garrison Access . | . . . . . . . . . . . . Total Hacks 62 | . 3 . 27 . 4 5 16 5 . . 2 Successful 48 | . 1 . 27 . 2 5 10 2 . . 1 Failed 14 | . 2 . . . 2 . 6 3 . . 1 Catastrophic 3 | . . . . . . . 1 1 . . 1 Database Lockouts . | . . . . . . . . . . . . Manual 8 | . . . 1 . 3 . 1 2 . . 1 Terminals 16 | . . . . . 4 2 5 4 . . 1 Fabricators . | . . . . . . . . . . . . Repair Stations 8 | . . . . . . 2 6 . . . . Recycling Units 8 | . 3 . . . . 1 2 1 . . 1 Scanalyzers 3 | . . . . . . . 3 . . . . Garrison Access . | . . . . . . . . . . . . Terminal Hacks 33 | . . . 27 . 2 2 1 1 . . . Record 26 | . . . 26 . . . . . . . . Open Door 2 | . . . . . . 2 . . . . . Open DSF 1 | . . . . . . . 1 . . . . Level Access Points 1 | . . . . . 1 . . . . . . Alert Level 2 | . . . . . 1 . . 1 . . . Proto ID Catalog 1 | . . . 1 . . . . . . . . Fabricator Hacks . | . . . . . . . . . . . . Repair Station Hacks 8 | . . . . . . 2 6 . . . . Scan Component 4 | . . . . . . 1 3 . . . . Repair 4 | . . . . . . 1 3 . . . . Recycling Unit Hacks 4 | . 1 . . . . 1 . 1 . . 1 Retrieve Components 4 | . 1 . . . . 1 . 1 . . 1 Scanalyzer 3 | . . . . . . . 3 . . . . Retrieve Study 3 | . . . . . . . 3 . . . . Garrison Access Hacks . | . . . . . . . . . . . . Unauthorized Hacks . | . . . . . . . . . . . . Terminals . | . . . . . . . . . . . . Fabricators . | . . . . . . . . . . . . Repair Stations . | . . . . . . . . . . . . Recycling Units . | . . . . . . . . . . . . Scanalyzers . | . . . . . . . . . . . . Garrison Access . | . . . . . . . . . . . . Data Cores Recovered . | . . . . . . . . . . . . Used . | . . . . . . . . . . . . Hacking Detections 11 | . . . . . 1 1 5 2 . . 2 Full Trace Events 1 | . . . . . . . . . . . 1 Feedback Events . | . . . . . . . . . . . . Feedback Blocked . | . . . . . . . . . . . . Robot Schematics Acquired . | . . . . . . . . . . . . Robots Built . | . . . . . . . . . . . . Authchips . | . . . . . . . . . . . . Time . | . . . . . . . . . . . . Total Robot Build Rating . | . . . . . . . . . . . . Part Schematics Acquired . | . . . . . . . . . . . . Parts Built . | . . . . . . . . . . . . Authchips . | . . . . . . . . . . . . Time . | . . . . . . . . . . . . Total Part Build Rating . | . . . . . . . . . . . . Part Studies Acquired 3 | . . . . . . . 3 . . . . Parts Repaired 4 | . . . . . . 1 3 . . . . Time 165 | . . . . . . 38 127 . . . . Parts Recycled . | . . . . . . . . . . . . Recycled Matter . | . . . . . . . . . . . . Retrieved Matter . | . . . . . . . . . . . . Retrieved Components 12 | . . . . . . 9 . 3 . . . Parts Scanalyzed . | . . . . . . . . . . . . Part Schematics Acquired . | . . . . . . . . . . . . Parts Damaged . | . . . . . . . . . . . . Bothacking | -11 -10 -10 -10 -9 -8 -8 -7 -6 -6 -6 -5 ------------ Run | Yrd Mat Min Exi Min Mat Sto Fac Fac Low Low Fac Used RIF Installer . | . . . . . . . . . . . . Robots Hacked . | . . . . . . . . . . . . Non-combat . | . . . . . . . . . . . . Combat . | . . . . . . . . . . . . Robot Hacks Applied . | . . . . . . . . . . . . Relay Couplers Released . | . . . . . . . . . . . . Fabnet Peak Effective % . | . . . . . . . . . . . . Robots Rewired . | . . . . . . . . . . . . Allies Hacked . | . . . . . . . . . . . . Hacks Repelled . | . . . . . . . . . . . . Allies | -11 -10 -10 -10 -9 -8 -8 -7 -6 -6 -6 -5 -------- Run | Yrd Mat Min Exi Min Mat Sto Fac Fac Low Low Fac Total Allies 10 | . . . . . . 10 . . . . . Largest Group 10 | . . . . . . 10 . . . . . Highest-Rated Group 173 | . . . . . . 173 . . . . . Highest-Rated Ally 29 | . . . . . . 29 . . . . . Total Orders 2 | . . . . . . 2 . . . . . ROAM 2 | . . . . . . 2 . . . . . Ally Attacks 43 | . . . . . . 43 . . . . . Total Damage 607 | . . . . . . 607 . . . . . Kills 7 | . . . . . . 7 . . . . . Allies Corrupted 1 | . . . . . . 1 . . . . . Allies Melted 1 | . . . . . . 1 . . . . . Intel | -11 -10 -10 -10 -9 -8 -8 -7 -6 -6 -6 -5 ------- Run | Yrd Mat Min Exi Min Mat Sto Fac Fac Low Low Fac Active Infowar (turns) . | . . . . . . . . . . . . Robot Analysis Total . | . . . . . . . . . . . . Derelict Logs Recovered 2 | . . . . 1 . . . . 1 . . Drone Launches . | . . . . . . . . . . . . Drone Recoveries . | . . . . . . . . . . . . Exploration | -11 -10 -10 -10 -9 -8 -8 -7 -6 -6 -6 -5 ------------- Run | Yrd Mat Min Exi Min Mat Sto Fac Fac Low Low Fac Turns Passed 7162 | 119 1130 308 772 100 349 1723 1410 262 387 69 533 Spaces Moved 2986 | 50 383 97 241 32 153 502 719 203 315 48 243 Core 2 | 2 . . . . . . . . . . . Treads 1835 | 48 383 97 241 32 . 322 712 . . . . Legs 1149 | . . . . . 153 180 7 203 315 48 243 Wheels . | . . . . . . . . . . . . Hover . | . . . . . . . . . . . . Flight . | . . . . . . . . . . . . Fastest Speed 50 | 50 160 320 320 320 146 146 108 81 108 108 108 Average Speed 182 | 155 217 320 320 320 178 214 157 107 108 108 109 Slowest Speed 320 | 160 320 320 320 320 180 236 237 111 108 108 257 Overloaded Moves 25 | . . . . . 7 5 . 13 . . . Propulsion Burnouts . | . . . . . . . . . . . . Robots Hopped . | . . . . . . . . . . . . Potential Cave-ins . | . . . . . . . . . . . . Cave-ins Triggered 1 | . . . . . . 1 . . . . . Exploration Rate (%) 29 | 5 66 40 42 16 18 71 22 5 55 10 6 Regions Visited 11 Branch Regions 6 Pre-discovered Areas . | . . . . . . . . . . . . Known Exits Taken 1 | . . . . . . 1 . . . . . Unknown Exits Taken 10 | 1 1 1 1 1 1 . 1 1 1 1 . Scrap Searched 2 | . . . . . . . . . 1 1 . Spaces Dug 14 | . . . . . . 10 . . . . 4 Terrain Destroyed 399 | . 31 . . . . 43 71 . 132 118 4 Melee 4 | . . . . . . . . . . . 4 Projectile 23 | . . . . . . 19 4 . . . . AOE 372 | . 31 . . . . 24 67 . 132 118 . Terrain Rammed . | . . . . . . . . . . . . Walls Destroyed . | . . . . . . . . . . . . Machines Disabled . | . . . . . . . . . . . . Actions | -11 -10 -10 -10 -9 -8 -8 -7 -6 -6 -6 -5 --------- Run | Yrd Mat Min Exi Min Mat Sto Fac Fac Low Low Fac Total 4260 | 68 574 96 244 31 194 982 971 236 338 56 470 Wait 788 | . 91 . . . 12 288 188 12 . . 197 Move 2975 | 49 382 96 240 31 152 501 718 202 314 47 243 Hop . | . . . . . . . . . . . . Pick Up 85 | 2 18 . 2 . 5 31 14 8 1 . 4 Fast Attach 19 | 6 3 . . . 2 5 3 . . . . Attach 28 | . 5 . . . 2 8 5 2 1 . 5 Detach 2 | . . . . . . 2 . . . . . Swap 42 | . 7 . 1 . 4 17 9 2 2 . . Drop 52 | . 8 . 1 . 1 21 14 4 2 . 1 Fire 231 | 11 60 . . . 12 107 20 . 12 9 . Melee 38 | . . . . . 4 2 . 6 6 . 20 Ram . | . . . . . . . . . . . . Kick . | . . . . . . . . . . . . Crush . | . . . . . . . . . . . . Escape Stasis . | . . . . . . . . . . . . Rewire . | . . . . . . . . . . . . Trap . | . . . . . . . . . . . . Miscellaneous . | . . . . . . . . . . . . Route ------- -11/Scrapyard -10/Materials (discovered 2 exits: [*Min x2]) -10/Mines -10/Exiles -9/Mines -8/Materials (discovered 4 exits: Fac x3 / *Sto) -8/Storage -7/Factory -6/Factory -6/Lower Caves -6/Lower Caves -5/Factory History --------- Turn | Location | Event 6 | -11/Scrapyard | Discovered new exit (range 16) 120 | -11/Scrapyard | Entered Materials 305 | -10/Materials | Build established: Mutant 458 | -10/Materials | Discovered new exit (range 12) 548 | -10/Materials | Lost 3 parts (2p1n) 1099 | -10/Materials | Discovered new exit (range 10) 1250 | -10/Materials | Entered Mines 1542 | -10/Mines | Deemed a non-threat by the Exiles lab entrance 1542 | -10/Mines | Discovered new exit (range 5) 1558 | -10/Mines | Entered Exiles 1638 | -10/Exiles | Met 8R-AWN 1690 | -10/Exiles | Met EX-HEX 1779 | -10/Exiles | Met EX-BIN 1818 | -10/Exiles | Aligned with FarCom system 1821 | -10/Exiles | Given EX-Vault access code 1989 | -10/Exiles | Opened EX-Vault 2012 | -10/Exiles | Found Potential Leg 2016 | -10/Exiles | Found Potential Leg 2074 | -10/Exiles | Warned to stay clear of 0b10 Research branches 2295 | -10/Exiles | Discovered new exit (range 14) 2330 | -10/Exiles | Left Exiles lab with Potential Leg 2330 | -10/Exiles | Entered Mines 2369 | -9/Mines | Learned Materials terminal intel 2391 | -9/Mines | Discovered new exit (range 12) 2430 | -9/Mines | Entered Materials 2430 | -8/Materials | Evolved 4 slots: Propulsion x2, Utility x2 2431 | -8/Materials | Loaded intel: 11 terminal locations 2513 | -8/Materials | Identified exit to Factory 2721 | -8/Materials | Discovered new exit (range 15) 2729 | -8/Materials | Build established: Hacker-Mutant 2779 | -8/Materials | Entered Storage 3309 | -8/Storage | Crushed by falling debris 3440 | -8/Storage | Lost 3 parts (1p1n1u) 3449 | -8/Storage | Build established: Mutant 4019 | -8/Storage | Repaired Hvy. Assault Cannon 4114 | -8/Storage | Assisted by bots powering up and referring to "LRC-V3" 4378 | -8/Storage | Lost 3 allies 4386 | -8/Storage | Discovered exit to Factory (range 16) 4403 | -8/Storage | Build established: Commander-Mutant 4502 | -8/Storage | Entered Factory 4502 | -7/Factory | Evolved 2 slots: Propulsion x2 4566 | -7/Factory | Repaired Hvy. Assault Cannon 4619 | -7/Factory | Repaired Hvy. Ion Engine 4658 | -7/Factory | Repaired Titanium Leg 4716 | -7/Factory | Build established: Hacker-Mutant 5354 | -7/Factory | Build established: Scavenger-Mutant 5444 | -7/Factory | Discovered new exit (range 15) 5912 | -7/Factory | Entered another Factory area 5912 | -6/Factory | Evolved 2 slots: Propulsion x1, Utility x1 6090 | -6/Factory | Discovered new exit (range 7) 6174 | -6/Factory | Entered Lower Caves 6182 | -6/Lower Caves | Encountered a Warlord checkpoint 6222 | -6/Lower Caves | Spotted B-75 Beast 6223 | -6/Lower Caves | Build established: Hacker-Mutant 6528 | -6/Lower Caves | Discovered new exit (range 15) 6544 | -6/Lower Caves | Learned Factory security intel 6561 | -6/Lower Caves | Entered another Lower Caves area 6615 | -6/Lower Caves | Discovered new exit (range 9) 6630 | -6/Lower Caves | Entered Factory 6630 | -5/Factory | Evolved 2 slots: Utility x2 6873 | -5/Factory | Build established: Mutant 7163 | -5/Factory | Self-destructed Last Messages --------------- 07145_ Knocked back. 07145_ K-01 Serf collects debris. 07146_ The unstable cave ceiling collapses. 07147_ K-01 Serf collects debris. 07149_ Potential Leg destroyed. 07149_ Knocked back. 07149_ K-01 Serf collects debris. 07154_ Potential Leg destroyed. 07154_ Critical hit (Blast). 07154_ Knocked back. 07155_ K-01 Serf collects debris. 07157_ The unstable cave ceiling collapses. 07157_ K-01 Serf collects debris. 07159_ Titanium Leg destroyed. 07159_ Knocked back. 07159_ K-01 Serf collects debris. 07160_ Acquired 2 matter. 07160_ K-01 Serf collects debris. 07163_ Imp. Carbon-fiber Leg+ destroyed. 07163_ Knocked back. Map ----- +----------------------------------------------------+ | ?????????????????????????????????????????????????? | | ?????????????????????????????????????????????????? | | ?????????????????????????????????????????????????? | | ?????????????????????????????????????????????????? | | ?????????????????????????????????????????????????? | | ?????????????????????????????????????????????????? | | ?????????????????????????????????????????????????? | | ?????????????????????????????????????????????????? | | ?????????????????????????????????????????????????? | | ?????????????????????????????????????????????????? | | ????????????????????????????? ?????????????????? | | ????????????????????????????# #????????????????? | | ??????????????????????????### ###??????????????? | | ??????????????????????????# #??????????????? | | ?????????????????????##+### R #??????????????? | | ?????????????????????# #??????????????? | | ?????????????????????# #??????????????? | | ?????????????????????? ? u #??????????????? | | ??????????????????????# ### #??????????????? | | ??????????????????????# # ####?#?????????? | | ??????????????????????# # #;##????????? | | ?????????????????????## ;;#????????? | | ?????????????????##### k #?????????? | | ?????????????????? k #?????????? | | ?????????????????????# k % % ##????????? | | ????????????????h????# H @ #????????? | | ?????????????????????## ##????????? | | ?????????????????????## % #????????? | | ??????????????????????# #???????? | | ?????????????? ?????#| ! # ##???????? | | ?????????????? ?????# !!!% ##????????? | | ?????????????h ############# # #?????????? | | ?????????????? !=# #### ####?????????? | | ?????????""??? ! # #??####????????????? | | ????????? ?? # #??????????????????? | | ?????"???"" """ # #??????????????????? | | ?????"" """ """ # #??????????????????? | | ????""" """ """ # #??????????????????? | | ????? + #??????????????????? | | ??????? # #??????????????????? | | ????????? # #??????????????????? | | ???????????# # #??????????????????? | | ???????????# # #??????????????????? | | ???????????# # #??????????????????? | | ???????????# ##############??????????????????? | | ???????????# #???????????????????????????????? | | ???????????# #??????##############???????????? | | ???????????# #??????# #???????????? | | ???????????# #??????# """ #???????????? | | ???????????# ######## ""T"" #???????????? | +----------------------------------------------------+ Best States ------------- Heat Dissipation 40 Energy Generation 18 Energy Capacity 280 Matter Stores 300 Matter Capacity 300 Sight Range 16 Terrain Scan Density 10 Armor Coverage 450 Evasion (%) 58 Targeting Accuracy 5 Melee Accuracy 16 Launcher Accuracy 30 Recoil Reduction 6 Offensive Hacking 20 Defensive Hacking 10 Item Schematics ----------------- None Robot Schematics ------------------ None Fabricated ------------ Nothing Repaired ---------- Hvy. Assault Cannon | 54% | -8/Storage Hvy. Assault Cannon | 20% | -7/Factory Hvy. Ion Engine | 40% | -7/Factory Titanium Leg | 28% | -7/Factory Studied --------- Hvy. Assault Cannon | -7/Factory | Hacked Carbon-fiber Leg | -7/Factory | Hacked Imp. Carbon-fiber Leg | -7/Factory | Hacked Alien Tech Used ----------------- None Achievements -------------- None Challenges ------------ None Game ------ Seed EnhancedShieldDoomcannon Manual? 0 Play Time 00:55:26 Cumulative 67.0 hours Start 2026.06.28 @ 13:47:13 End 2026.06.28 @ 14:42:45 Sessions 1 Manual Loads 0 Difficulty Rogue Special Mode None Game No. 76 Rogue 22 Adventurer 54 Explorer 0 Win Type - Total 1 Types 1/0/0/0/0/0/0/0/0/0 Lore% 32 Gallery% 40 Achievement% 38 Wizard Run 0 Options --------- Layout 1 ASCII 0 Keyboard 0 Movement Mouse Keybinds 1 Fullscreen 1 Font 24/Terminus Map View 50x35 Zoom Use 0% Tactical HUD 1 Map Filters NONE Filters NONE Steam 1 RUN: 6f66b25b-1f2f-4c73-8db1-54ed807ae06a